 Dungeon Crawl Stone Soup version 0.16.2-12-gd0ad4c3 (webtiles) character file.

6343 musteatbrain the Cleaver (level 10, 0/83 HPs)
             Began as a Demonspawn Fighter on Sept 28, 2015.
             Was a Believer of Qazlal.
             Killed from afar by a fire dragon (28 damage)
             ... with a blast of flame
             ... on level 10 of the Dungeon.
             The game lasted 00:50:44 (10273 turns).

musteatbrain the Cleaver (Demonspawn Fighter)      Turns: 10273, Time: 00:50:44

Health: 0/83       AC: 17    Str: 26      XL:     10   Next: 64%
Magic:  17/17      EV:  8    Int:  8 (11) God:    Qazlal [**....]
Gold:   881        SH:  3    Dex:  8 (12) Spells: 0 memorised, 9 levels left

rFire  . . .     SeeInvis .     H - +1 war axe (freeze)
rCold  . . .     Clarity  +     i - +1 plate armour
rNeg   + . .     SustAb   .     (no shield)
rPois  .         Gourm    .     (helmet restricted)
rElec  .         Spirit   .     t - +0 cloak
rCorr  .         Warding  .     x - +0 pair of gloves
rMut   .         Stasis   .     (no boots)
MR     +....                    y - amulet of rage
Stlth  ..........               L - ring of protection from magic
                                n - ring of positive energy

@: mighty, very slightly contaminated, hasted, very quick, somewhat resistant to
hostile enchantments, extremely unstealthy
A: horns 1, talons 1, molten scales 1, blurry vision 1, clarity, demonic
guardian 1, deterioration 1, spiny 1, strong 1
a: Upheaval, Renounce Religion, Evoke Berserk Rage


You were on level 10 of the Dungeon.
You worshipped Qazlal.
Qazlal was pleased with you.
You were not hungry.

You visited 2 branches of the dungeon, and saw 11 of its levels.
You also visited: Ossuary.

You collected 937 gold pieces.
You spent 56 gold pieces at shops.

Inventory:

Hand weapons
 H - a +1 war axe of freezing (weapon)
Missiles
 W - a tomahawk (quivered)
Armour
 i - a +1 plate armour (worn)
 t - a +0 cloak (worn)
 x - a +0 pair of gloves (worn)
 Y - a +1 ring mail of cold resistance
Jewellery
 j - an uncursed ring of protection from fire {unknown}
 n - a ring of positive energy (left hand)
 y - an amulet of rage (around neck)
 L - a ring of protection from magic (right hand)
 N - a cursed -6 ring of protection {unknown}
 P - an uncursed ring of magical power {unknown}
 R - an uncursed ring of ice {unknown}
 T - a +3 ring of intelligence {unknown}
 Z - an uncursed ring of protection from fire {unknown}
Magical devices
 q - a wand of flame (23)
 E - a wand of teleportation (6)
 F - a wand of polymorph (9)
 G - a wand of teleportation (4)
 J - a wand of lightning (3)
Scrolls
 a - a scroll of remove curse
 b - a scroll of fear {unknown}
 v - 2 scrolls of enchant weapon
 B - 4 scrolls of teleportation
 C - 3 scrolls of recharging
 O - a scroll of identify
 Q - a scroll of noise {unknown}
 U - a scroll of magic mapping {unknown}
Potions
 f - 6 potions of curing
 m - 3 potions of brilliance
 o - 4 potions of ambrosia
 p - 2 potions of agility
 s - a potion of haste
 u - 3 potions of restore abilities
 A - a potion of berserk rage {unknown}
 D - 3 potions of degeneration {unknown}
 M - a potion of resistance
 S - a potion of invisibility {unknown}
 V - a potion of lignification {unknown}
Books
 h - a book of Necromancy

   Spells                             Type                      Level
   a - Pain                           Necromancy                   1
   b - Animate Skeleton               Necromancy                   1
   c - Vampiric Draining              Necromancy                   3
   d - Regeneration                   Charms/Necromancy            3
   e - Animate Dead                   Necromancy                   4
   f - Control Undead                 Necromancy                   4
 w - a book of Dreams

   Spells                             Type                      Level
   a - Ensorcelled Hibernation        Hexes/Ice                    2
   b - Flight                         Charms/Air                   3
   c - Phase Shift                    Translocation                5
   d - Shadow Creatures               Summoning                    5
   e - Mass Confusion                 Hexes                        6
   f - Darkness                       Hexes                        7
 z - a book of Minor Magic

   Spells                             Type                      Level
   a - Magic Dart                     Conjuration                  1
   b - Blink                          Translocation                2
   c - Call Imp                       Summoning                    2
   d - Repel Missiles                 Charms/Air                   2
   e - Slow                           Hexes                        2
   f - Conjure Flame                  Conjuration/Fire             3
   g - Mephitic Cloud                 Conjuration/Poison/Air       3
 K - a book of Fire

   Spells                             Type                      Level
   a - Ignite Poison                  Fire/Transmutation           5
   b - Fireball                       Conjuration/Fire             5
   c - Bolt of Fire                   Conjuration/Fire             6
   d - Delayed Fireball               Conjuration/Fire             7
   e - Ring of Flames                 Charms/Fire                  7
Miscellaneous
 k - a plain deck of wonders
 X - a disc of storms
Comestibles
 c - 9 royal jellies
 d - 7 bread rations
 g - 3 meat rations
 l - 6 beef jerkies
 r - a slice of pizza
 I - 7 fruits


   Skills:
 + Level 9.2 Fighting
 * Level 10.2 Axes
 + Level 5.5 Armour
 + Level 4.7 Dodging
   Level 2.6 Shields
 + Level 4.0 Invocations


You had 9 spell levels left.
You didn't know any spells.

Dungeon Overview and Level Annotations

Branches:
Dungeon (10/15)            Temple (1/1) D:5             Orc (0/4) D:9
   Lair: D:8-11

Altars:
Ashenzari
Cheibriados
Dithmenos
Elyvilon
Fedhas
Gozag
Kikubaaqudgha
Makhleb
Nemelex Xobeh
Okawaru
Qazlal
Ru
Sif Muna
Trog
Vehumet
Xom
Yredelemnul
Zin
The Shining One

Shops:
D:7 :   D:9 *


Innate Abilities, Weirdness & Mutations

You have sharp toenails.
You are partially covered in molten scales (AC +1).
A weak demonic guardian rushes to your aid.
You are partially covered in sharp spines.
You have a pair of small horns on your head.
Scrolls take you a little longer to read.
You possess an exceptional clarity of mind.
Your body is slowly deteriorating.
Your muscles are strong. (Str +2)


Message History

Your ufetubus closely misses the hound.
The hound closely misses your ufetubus.
Drink which item? (? for menu, Esc to quit)
You feel yourself speed up.
Your ufetubus closely misses the hound.
Your ufetubus hits the hound.
The hound completely misses your ufetubus.
Your ufetubus hits the hound. x2
You are very lightly contaminated with residual magic.
Drink which item? (? for menu, Esc to quit)
You feel mightier all of a sudden. The hound bites your ufetubus.
Your ufetubus dies!
The hound barks!
You hit the fire dragon. You freeze the fire dragon.
You headbutt the fire dragon!
The fire dragon is moderately wounded.
You slash the fire dragon! You freeze the fire dragon.
The fire dragon is heavily wounded.
The fire dragon breathes flames at you. The blast of flame hits you!
You die...

######### ###..≈≈≈≈...
##....≈≈≈....!
###......≈≈≈.)$$
#####.........≈≈≈≈$$
######......)§.@D..≈≈≈≈≈≈#
#......#####...§h...≈≈≈≈#
##.###### ##(......≈≈≈##
#..# ####...≈≈≈≈# #.##
######### #.#### #..^.#
####.# ##.#
#####################


You could see a fire dragon and a hound.

Vanquished Creatures
  A hill giant (D:10)
  An unseen horror (D:10)
  2 kobold demonologists (D:8)
  A deep elf mage (D:9)
  A wyvern (D:10)
  A hungry ghost (D:8)
  A hippogriff (D:10)
  A soldier ant (D:8)
  A wasp (D:10)
  An eye of draining (D:9)
  2 phantoms
  4 orc warriors
  A centaur (D:7)
  2 black bears
  3 ogres
  A boring beetle (D:8)
  A crocodile (D:10)
  Sigmund (D:3)
  2 giant frogs
  2 big kobolds
  5 scorpions
  A wyvern skeleton (D:9)
  10 wights
  3 goliath beetles
  2 giant frog zombies (D:6)
  3 orc priests
  3 quasits
  A centaur zombie (D:10)
  2 crimson imps
  The ghost of Charly the Ruffian, a weakling VSTm of Cheibriados (D:5)
  2 jellies
  3 giant frog skeletons
  4 hounds
  4 centaur skeletons
  2 iguanas
  7 orc wizards
  15 worker ants
  Jessica (D:3)
  9 mummies
  2 worker ant zombies
  7 adders
  3 gnolls (D:5)
  Natasha (twice) (D:5)
  A giant mite (D:5)
  4 shadow imps
  6 worms
  An adder skeleton (D:4)
  2 giant geckos
  An ooze (D:2)
  59 orcs
  2 ball pythons
  A bat skeleton (D:6)
  A bat zombie (D:5)
  5 giant cockroaches
  9 goblins
  20 hobgoblins
  6 quokkas
  9 bats
  A giant gecko zombie (D:6)
  3 giant newts
  A giant spore (D:8)
  2 gnoll zombies (Ossuary)
  5 hobgoblin zombies
  28 kobolds
  A kobold zombie (Ossuary)
  3 orc zombies
  A quokka zombie (D:6)
  7 rats
  2 ballistomycetes (D:8)
303 creatures vanquished.

Vanquished Creatures (collateral kills)
  A hippogriff (D:10)
  2 orc warriors
  An ogre (D:5)
  A sky beast (D:10)
  A giant frog (D:6)
  A scorpion (D:4)
  A wight (D:9)
  A crimson imp (D:9)
  Natasha (D:5)
  A gnoll (D:5)
  An adder zombie (D:8)
  5 orcs
  2 hobgoblins
  3 kobolds (D:5)
  A rat (D:5)
23 creatures vanquished.

Vanquished Creatures (others)
  7 crimson imps
  6 quasits
  2 iron imps
  11 white imps
  8 ufetubi
  A giant spore (D:9)
  A ballistomycete (D:9)
  A plant (D:5)
37 creatures vanquished.

Grand Total: 363 creatures vanquished

Notes
Turn   | Place    | Note
--------------------------------------------------------------
     0 | D:1      | musteatbrain, the Demonspawn Fighter, began the quest for the Orb.
     0 | D:1      | Reached XP level 1. HP: 18/18 MP: 1/1
   160 | D:1      | Gained mutation: You have sharp toenails. [demonic ancestry]
   160 | D:1      | Reached XP level 2. HP: 21/24 MP: 2/2
   472 | D:2      | Reached XP level 3. HP: 4/29 MP: 3/3
  1360 | D:2      | Reached skill level 4 in Fighting
  1406 | D:2      | Gained mutation: A weak demonic guardian rushes to your aid. [demonic ancestry]
  1406 | D:2      | Reached XP level 4. HP: 37/37 MP: 4/4
  1637 | D:3      | Noticed Sigmund
  1651 | D:3      | Killed Sigmund
  1651 | D:3      | Reached XP level 5. HP: 40/43 MP: 5/5
  2333 | D:3      | Noticed Jessica
  2349 | D:3      | Killed Jessica
  2349 | D:3      | Reached skill level 5 in Fighting
  2376 | D:3      | Found an ancient bone altar of Kikubaaqudgha.
  2766 | D:4      | Reached XP level 6. HP: 48/51 MP: 6/6
  3347 | D:4      | Found a shattered altar of Ashenzari.
  3419 | D:5      | Entered Level 5 of the Dungeon
  3443 | D:5      | Noticed Natasha
  3448 | D:5      | Killed Natasha
  3448 | D:5      | Reached skill level 5 in Axes
  3479 | D:5      | Reached skill level 6 in Fighting
  3479 | D:5      | Gained mutation: You are partially covered in molten scales (AC +1). [demonic ancestry]
  3479 | D:5      | Reached XP level 7. HP: 50/58 MP: 7/7
  3788 | D:5      | Found a basalt altar of Yredelemnul.
  3982 | D:5      | Noticed Charly's ghost (weakling VSTm)
  3987 | D:5      | Noticed Natasha
  3993 | D:5      | Killed Charly's ghost
  3993 | D:5      | Killed Natasha
  4298 | D:5      | Found a staircase to the Ecumenical Temple.
  4439 | D:5      | Noticed Natasha
  4446 | D:5      | Killed Natasha
  4833 | D:6      | Gained mutation: Your body is slowly deteriorating. [potion of mutation]
  4833 | D:6      | Gained mutation: Your muscles are strong. (Str +2) [potion of mutation]
  4833 | D:6      | Gained mutation: You possess an exceptional clarity of mind. [potion of mutation]
  4835 | D:6      | Gained mutation: You have a pair of small horns on your head. [potion of beneficial mutation]
  4878 | D:6      | Found a sparkling altar of Nemelex Xobeh.
  4913 | D:6      | Gained mutation: You are partially covered in sharp spines. [demonic ancestry]
  4913 | D:6      | Reached XP level 8. HP: 45/65 MP: 8/8
  5075 | D:6      | Reached skill level 7 in Fighting
  5124 | D:6      | Found a sand-covered staircase.
  5135 | Ossuary  | Entered an ossuary
  6088 | D:6      | Found a burning altar of Makhleb.
  6088 | D:6      | Noticed a balrug
  6094 | D:6      | Noticed an orange demon
  6139 | Temple   | Entered the Ecumenical Temple
  6235 | Temple   | Became a worshipper of Qazlal Stormbringer
  6327 | D:7      | Found a shimmering altar of Xom.
  6475 | D:7      | Reached skill level 1 in Dodging
  6491 | D:7      | Found Boal's Book Shop.
  6517 | D:7      | Found a shadowy altar of Dithmenos.
  6564 | D:7      | Reached skill level 8 in Axes
  6735 | D:7      | Found a snail-covered altar of Cheibriados.
  6955 | D:8      | Acquired Qazlal's first power
  6955 | D:8      | Reached XP level 9. HP: 65/74 MP: 9/9
  7253 | D:8      | Noticed a kobold demonologist
  7264 | D:8      | Noticed a kobold demonologist
  7269 | D:8      | Killed a kobold demonologist
  7270 | D:8      | Noticed a sixfirhy
  7275 | D:8      | Killed a kobold demonologist
  7576 | D:8      | Reached skill level 9 in Axes
  7978 | D:9      | Found a staircase to the Orcish Mines.
  8333 | D:9      | Acquired Qazlal's second power
  8548 | D:9      | Reached XP level 10. HP: 69/82 MP: 10/10
  8576 | D:9      | Found Ghapyaz's Assorted Antiques.
  8587 | D:9      | Reached skill level 1 in Invocations
  8590 | D:9      | Bought a scroll of identify for 56 gold pieces
  8648 | D:9      | Got a crude mace
  8654 | D:9      | Identified the cursed -1 mace "Plel" {freeze, MR+} (You found it on level 9 of the Dungeon)
  8667 | D:9      | Found a sacrificial altar of Ru.
  9221 | D:10     | Entered Level 10 of the Dungeon
  9243 | D:10     | Gained mutation: Scrolls take you a little longer to read. [mutagenic meat]
  9368 | D:10     | Reached skill level 5 in Armour
  9427 | D:10     | Killed an unseen horror
  9486 | D:10     | Reached skill level 10 in Axes
  9582 | D:10     | Got a brightly glowing great sword
  9583 | D:10     | Identified the +1 great sword of the Whale {freeze, Int+3} (You found it on level 10 of the Dungeon)
 10233 | D:10     | Noticed a hill giant
 10241 | D:10     | Killed a hill giant
 10263 | D:10     | Noticed a fire dragon
 10273 | D:10     | Killed from afar by a fire dragon

Action                   |  1- 3 |  4- 6 |  7- 9 | 10-12 || total
-------------------------+-------+-------+-------+-------++-------
Melee: War axe           |   139 |   179 |   503 |   175 ||   996
Invok: Upheaval          |       |       |       |     6 ||     6
 Abil: Evoke Berserk Rag |       |       |     1 |       ||     1
  Use: Potion            |     1 |       |     9 |     5 ||    15
       Scroll            |       |     4 |    11 |     2 ||    17
 Stab: Distracted        |       |       |     2 |       ||     2
  Eat: Chunk             |     1 |     4 |     2 |     1 ||     8
       Meat ration       |       |     1 |     2 |     1 ||     4
       Bread ration      |       |       |     1 |       ||     1
       Fruit             |       |       |     1 |       ||     1
